 Dungeon Crawl Stone Soup version 0.30-a0-939-gc8157cb160 (webtiles) character file.

Game seed: 13481865699379060563

100872 DeathPants the Necromancer (level 16, -1/86 HPs)
             Began as a Vine Stalker Delver on Mar 24, 2023.
             Was an Initiate of Gozag.
             Killed from afar by a will-o-the-wisp (20 damage)
             ... with a foxfire
             ... on level 1 of the Swamp on Mar 25, 2023.
             The game lasted 01:25:04 (22819 turns).

DeathPants the Necromancer (Vine Stalker Delver)   Turns: 22819, Time: 01:25:05

Health: -1/86      AC: 22    Str: 12    XL:     16   Next: 29%
Magic:  0/29       EV: 19    Int: 14    God:    Gozag
Gold:   5689       SH:  0    Dex: 19    Spells: 14/32 levels left

rFire   . . .      SeeInvis .    b - +1 scimitar (pain)
rCold   . . .      Faith    .    (no shield)
rNeg    . . .      Spirit   +    n - +4 ring mail of Reasonable Birdsong {Rampage Fly Regen+ Str-4}
rPois   +          Reflect  .    R - +2 hat {Will+}
rElec   .          Rampage  +    V - +2 cloak {rPois}
rCorr   .                        A - +1 pair of gloves
Will    +++..                    o - +1 pair of boots
Stlth   +++++                    K - amulet of regeneration
HPRegen 2.74/turn                l - +5 ring of evasion
MPRegen 0.21/turn                y - +4 ring of protection

@: gold aura, flying
A: fangs 3, regeneration 1, magic shield, antimagic bite, no potion heal 2
a: Renounce Religion, Potion Petition, Call Merchant, Bribe Branch


You were on level 1 of the Swamp.
You worshipped Gozag.
Gozag was greatly pleased with you.
You visited 4 branches of the dungeon, and saw 23 of its levels.
You also visited: Gauntlet.

You collected 7485 gold pieces.
You spent 1668 gold pieces at shops.
You paid 128 gold pieces to Gozag.

Inventory:

Hand Weapons
 a - a +9 quick blade of venom
 b - a +1 scimitar of pain (weapon)
 k - the +6 rapier of the Invisible Moons {holy, rPois}
   (You found it on level 6 of the Dungeon)

   rPois:     It protects you from poison.
Missiles
 h - 8 silver javelins
 C - 11 boomerangs
 M - 2 throwing nets (quivered)
 P - 5 javelins
Armour
 n - the +4 ring mail of Reasonable Birdsong (worn) {Rampage Fly Regen+ Str-4}
   (You found it on level 2 of the Dungeon)

   Str:       It affects your strength (-4).
   Fly:       It grants you flight.
   Regen:     It increases your rate of health regeneration.
   Rampage:   It bestows one free step when moving towards enemies.
 o - a +1 pair of boots (worn)
 A - a +1 pair of gloves (worn)
 H - the +5 shadow dragon scales of Mental Paralysis {rF+ rC- Str+2 Stlth++++}
   (You found it in a Gauntlet)

   Str:       It affects your strength (+2).
   rF:        It protects you from fire.
   rC:        It makes you vulnerable to cold.
   Stlth:     It makes you much more stealthy.
 R - a +2 hat of willpower (worn)
 S - a +0 buckler
 V - a +2 cloak of poison resistance (worn)
Jewellery
 l - a +5 ring of evasion (left hand)
 q - a ring of the Octopus King {rC+ HP+2 AC+2 EV+2 SH+2}
   (You found it on level 5 of the Lair of Beasts)

   [ring of protection from cold]

   AC:        It affects your AC (+2).
   EV:        It affects your evasion (+2).
   rC:        It protects you from cold.
   HP:        It affects your health (+2).
   SH:        It affects your SH (+2).
 y - a +4 ring of protection (right hand)
 K - an amulet of regeneration (around neck)
 T - a ring of protection from cold
 Z - a ring of see invisible
Wands
 f - a wand of quicksilver (16)
 g - a wand of digging (12)
 r - a wand of iceblast (20)
 t - a wand of paralysis (8)
 J - a wand of mindburst (8)
 Y - a wand of flame (5)
Scrolls
 c - 6 scrolls of fog
 d - 6 scrolls of magic mapping
 e - 5 scrolls of fear
 i - 5 scrolls of teleportation
 u - a scroll of blinking
 z - a scroll of enchant weapon
 B - a scroll of silence
 E - 9 scrolls of enchant armour
 L - 3 scrolls of amnesia
 O - 5 scrolls of identify
 Q - a scroll of brand weapon
Potions
 j - 3 potions of mutation
 m - 14 potions of curing
 p - 2 potions of invisibility
 s - 2 potions of resistance
 v - 6 potions of brilliance
 w - a potion of cancellation
 F - 2 potions of haste
 G - a potion of flight
 N - 2 potions of berserk rage
 W - a potion of magic
Miscellaneous
 I - a phial of floods


   Skills:
 + Level 10.6 Fighting
 - Level 10.8(11.0) Short Blades
 * Level 2.9(7.5) Long Blades
 - Level 7.1 Dodging
 - Level 12.3 Stealth
 * Level 4.2 Shields
 - Level 8.6 Spellcasting
 - Level 16.4 Necromancy
 - Level 9.2 Earth Magic


You had 14 spell levels left.
You knew the following spells:

 Your Spells              Type           Power      Damage    Failure   Level
a - Vampiric Draining     Necr           51%        2d9       1%          3
b - Dispel Undead         Necr           51%        3d19      1%          4
c - Borgnjor's Vile Clut  Necr/Erth      21%        N/A       3%          5
d - Death Channel         Necr           25%        N/A       4%          6

Your spell library contained the following spells:

 Spells                   Type           Power      Damage    Failure   Level
 Kiss of Death            Conj/Necr      100%       2d13      1%          1
 Lee's Rapid Deconstruct  Erth           16%        3d10*     17%         5
 Sting                    Tmut/Pois      24%        1d4       28%         1
 Poisonous Vapours        Pois/Air       12%        N/A       38%         2
 Leda's Liquefaction      Hex/Erth       9%         N/A       38%         4
 Confusing Touch          Hex            6%         N/A       63%         3
 Gell's Gravitas          Tloc           6%         N/A       63%         3
 Hailstorm                Conj/Ice       6%         3d4       63%         3
 Inner Flame              Hex/Fire       6%         N/A       63%         3
 Teleport Other           Tloc           6%         N/A       63%         3
 Cause Fear               Hex            3%         N/A       95%         4
 Flame Wave               Conj/Fire      6%         2d5       95%         4
 Ice Form                 Ice/Tmut       6%         N/A       95%         4
 Olgreb's Toxic Radiance  Pois           6%         N/A       95%         4
 Sticky Flame             Conj/Fire      6%         2d3       95%         4
 Statue Form              Tmut/Erth      12%        N/A       99%         6
 Summon Forest            Summ/Tloc      3%         N/A       100%        5
 Summon Mana Viper        Hex/Summ       6%         N/A       100%        5
 Dispersal                Tloc           3%         N/A       100%        6
 Summon Cactus Giant      Summ           3%         N/A       100%        6
 Dragon Form              Tmut           3%         N/A       100%        7
 Necromutation            Tmut/Necr      14%        N/A       100%        8
 Dragon's Call            Summ           3%         N/A       100%        9
 Animate Dead             Necr           Unusable   N/A       N/A         4
 Simulacrum               Ice/Necr       Unusable   N/A       N/A         6

Dungeon Overview and Level Annotations

Branches:
Dungeon (15/15)            Temple (0/1) D:5            Lair (5/5) D:11
  Swamp (1/4) Lair:2        Snake (0/4) Lair:2        Slime (0/5) Lair:5
    Orc (2/2) D:11            Elf (0/3) Orc:2        Vaults (0/5) D:13
 Depths (0/4) D:15        Gauntlet (visited)

Altars:
Ashenzari
Dithmenos
Elyvilon
Gozag
Nemelex Xobeh
Qazlal
Ru
Uskayaw
Vehumet
Wu Jian
Jiyva

Shops:
D:6 :   D:9 [   D:14 ?   D:15 *   Orc:1 [   Orc:2 ?[[

Annotations:
D:4 1 runed translucent door, ThatPearl's ghost, novice AtFi
D:8 2 runed translucent doors, DeathPants's ghost, novice VSNe
D:11 1 runed translucent door, math4jedi's ghost, journeyman MiBe
Lair:1 3 runed translucent doors, Hubris850's ghost, journeyman HOFi


Innate Abilities, Weirdness & Mutations

You have razor-sharp teeth.
Your natural rate of healing is unusually fast.
When hurt, damage is shared between your health and your magic reserves.
Your bite disrupts and absorbs the magic of your enemies.
Potions cannot restore your health.


Message History

You slash the eleionoma!
The eleionoma writhes in agony!
You bite the eleionoma!
The eleionoma's magic leaks into the air.
You drain its magic.
You feel invigorated.
The eleionoma is severely wounded.
You are engulfed in a cloud of scalding steam.
The swamp worm fires a harpoon shot at you.
The harpoon shot hits you!
You are yanked forward by the harpoon shot.
You hit the swamp worm.
The swamp worm writhes in agony!
Your bite misses the swamp worm.
The swamp worm is heavily wounded.
The swamp worm closely misses you.
You miss the swamp worm. Your bite misses the swamp worm.
The swamp worm is heavily wounded.
The swamp worm closely misses you.
The eleionoma flows through the trees.
You barely miss the swamp worm. You bite the swamp worm! You drain its power.
You feel invigorated.
The swamp worm is severely wounded.
The swamp worm bites you! The swamp worm barely misses you.
The will-o-the-wisp gestures.
The will-o-the-wisp conjures some foxfire!
The eleionoma hits you! 2 foxfires come into view.
You slash the swamp worm!
You kill the swamp worm!
The foxfire hits you! The eleionoma completely misses you.
The will-o-the-wisp gestures.
The will-o-the-wisp conjures some foxfire!
The foxfire moves out of view.
A foxfire comes into view.
The will-o-the-wisp attacks as you move away!
The will-o-the-wisp engulfs you but does no damage.
The eleionoma's magic is no longer disrupted.
A foxfire comes into view.
The foxfire hits you!
* * * LOW HITPOINT WARNING * * *
The foxfire hits you!!
You die...
Your body crumbles into a pile of gold.

.~...$.~♣♣
........~♣ ♣
♣♣♣~..."~♣♣ ~.
♣~>.~~§..§♣ ~~~
~♣..~~~§~..♣~§~~
.~.~§~§§§§......
~.~.~vR♣v§~~.~~.
.~~~♣.?v§~~~~~.
~~♣ ♣.@§..~~..♣
$ .
♣..~~...~~~.♣
..~.~§~~~..~§§..
.♣.~~~~~§.....~~
♣§.~~~~~~~~~.~~~
♣♣§~§♣♣.~~~~..~~
...♣♣ ..~~~~.♣..
~~. ~.~~~~.♣


You could see an eleionoma and a will-o-the-wisp.

Vanquished Creatures
  Gastronok (Lair:2)
  Azrael (D:15)
  A minotaur (Gauntlet)
  The ghost of Kooropp the Fighter, a journeyman MiHu of Gozag (Lair:3)
  An ettin (Orc:1)
  Josephine (D:14)
  Fannar (D:11)
  A rakshasa (D:14)
  An ogre mage (D:15)
  4 hydras
  3 boulder beetles
  4 centaur warriors
  A merfolk avatar (Lair:5)
  2 dancing weapons (D:13)
  8 two-headed ogres
  A tengu warrior (D:14)
  Sonja (Orc:1)
  A fire crab (Lair:3)
  3 skysharks (Lair:5)
  2 skeletal warriors (D:15)
  2 sea snakes (Lair:5)
  A wizard (D:14)
  A golden dragon zombie (D:15)
  A harpy (Lair:5)
  Pikel (D:9)
  A sphinx zombie (D:15)
  9 orc knights
  A phantasmal warrior (D:15)
  A necromancer (D:15)
  2 deep elf pyromancers
  8 cyclopes
  2 orc sorcerers (Orc:2)
  A stone giant zombie (D:15)
  A manticore (D:12)
  A worldbinder (Gauntlet)
  Joseph (D:10)
  5 ugly things
  21 elephants
  9 black mambas
  2 gargoyles
  3 torpor snails
  17 cane toads
  Maggie (D:8)
  7 rime drakes
  A komodo dragon (shapeshifter) (D:14)
  A freezing wraith (D:14)
  9 komodo dragons
  A tengu conjurer (D:14)
  2 efreet (D:15)
  7 polar bears
  8 trolls
  3 tyrant leeches (Lair:2)
  A hornet (shapeshifter) (D:10)
  A wind drake (Lair:5)
  2 hornets
  27 blink frogs
  A snapping turtle (Lair:5)
  3 raiju (Gauntlet)
  4 dream sheep (Lair:5)
  22 slime creatures
  6 wyverns
  47 yaks
  3 shadows
  6 wraiths
  4 fire bats
  4 fire elementals
  5 basilisks
  A steam dragon (Gauntlet)
  5 wargs (Orc:2)
  A death yak simulacrum (Lair:3)
  2 swamp worms
  2 vampire mosquitoes
  A hydra simulacrum (Lair:3)
  27 water moccasins
  4 hell hounds
  A glowing shapeshifter skeleton (D:15)
  An ice beast (D:5)
  8 black bears
  27 orc warriors
  9 ogres
  A boggart (Gauntlet)
  8 centaurs
  9 wolves (Lair:1)
  A lemure (D:9)
  A phantom (D:6)
  Blork the orc (D:5)
  12 bullfrogs
  5 scorpions
  A gnoll sergeant (D:11)
  7 wights
  2 blink frog simulacra (Lair:3)
  13 killer bees
  An electric eel (Lair:1)
  5 howler monkeys
  8 orc priests
  4 jellies
  A komodo dragon simulacrum (Lair:3)
  2 hounds (D:5)
  2 wyvern simulacra (Lair:3)
  3 iguanas
  6 orc wizards
  A lightning spire (Gauntlet)
  8 gnolls
  4 adders
  A white imp (D:5)
  2 ufetubi
  An adder skeleton (D:2)
  An adder zombie (D:2)
  3 worms
  4 dart slugs
  61 orcs
  18 ball pythons
  A bat skeleton (D:2)
  2 bat zombies (D:2)
  8 endoplasms
  3 giant cockroaches
  6 goblins
  5 hobgoblins
  2 jackals (D:4)
  4 kobolds
  6 quokkas
  2 ball python zombies (D:2)
  5 bats
  3 frilled lizards
  A jackal zombie (D:2)
  A quokka skeleton (D:2)
  A rat (D:1)
642 creatures vanquished.

Vanquished Creatures (collateral kills)
  An ugly thing (D:14)
  An orc warrior (Orc:2)
  An orc priest (Orc:2)
  An orc wizard (Orc:2)
  5 orcs (Orc:2)
9 creatures vanquished.

Vanquished Creatures (others)
  A steam dragon (Gauntlet)
  An adder (D:6)
  An orc (D:11)
  4 foxfires (Swamp:1)
  53 fungi
  97 plants
  11 withered plants
168 creatures vanquished.

Grand Total: 819 creatures vanquished

Notes
Turn   | Place    | Note
-------+----------+-------------------------------------------
     0 | D:5      | DeathPants the Vine Stalker Delver began the quest for the
                  | Orb.
     0 | D:5      | Reached XP level 1. HP: 11/11 MP: 2/2
    40 | D:5      | Noticed an ice beast
    45 | D:5      | Noticed Blork the orc
    66 | D:5      | Noticed a jelly
    78 | D:6      | Identified the +6 rapier of the Invisible Moons {holy,
                  | rPois}
   187 | D:5      | Noticed an ogre
   241 | D:3      | Reached XP level 2. HP: 14/16 MP: 1/3
   404 | D:2      | Identified the +4 ring mail of Reasonable Birdsong {Rampage
                  | Fly Regen+ Str-4}
   489 | D:2      | Reached XP level 3. HP: 20/20 MP: 4/4
  1075 | D:1      | Found a faded altar of an unknown god.
  1104 | D:1      | Gained mutation: Your natural rate of healing is unusually
                  | fast. [Vine Stalker growth]
  1104 | D:1      | Reached XP level 4. HP: 24/24 MP: 5/5
  2576 | D:3      | Found a stormy altar of Qazlal.
  2664 | D:4      | Noticed a scorpion
  2674 | D:4      | Killed a scorpion
  2675 | D:4      | Reached XP level 5. HP: 28/28 MP: 6/6
  2827 | D:4      | Found a runed translucent door.
  2828 | D:4      | Noticed a kobold brigand
  2828 | D:4      | Noticed ThatPearl's ghost (novice AtFi)
  3018 | D:4      | Found an opulent altar of Gozag.
  3018 | D:4      | Found a sparkling altar of Nemelex Xobeh.
  3025 | D:4      | Became a worshipper of Gozag Ym Sagoz the Greedy
  3102 | D:4      | Reached XP level 6. HP: 32/32 MP: 5/7
  3608 | D:5      | Found a staircase to the Ecumenical Temple.
  3622 | D:5      | Killed an ice beast
  3623 | D:5      | Reached XP level 7. HP: 30/37 MP: 5/8
  3714 | D:5      | HP: 1/37 [ogre/+0 giant club (12)]
  3769 | D:5      | Killed Blork the orc
  3830 | D:5      | Reached skill level 5 in Short Blades
  3884 | D:6      | Gained mutation: You have razor-sharp teeth. [Vine Stalker
                  | growth]
  3884 | D:6      | Reached XP level 8. HP: 42/42 MP: 9/9
  4159 | D:6      | Found Odoge's Book Shoppe.
  4443 | D:6      | Found a sacrificial altar of Ru.
  4444 | D:6      | Found an ornate altar of the Wu Jian Council.
  4458 | D:6      | Reached skill level 5 in Fighting
  4906 | D:7      | Reached XP level 9. HP: 37/47 MP: 7/10
  5014 | D:7      | Noticed a two-headed ogre
  5020 | D:7      | Killed a two-headed ogre
  5385 | D:8      | Noticed a hornet
  5387 | D:8      | Noticed Maggie
  5400 | D:7      | Reached skill level 5 in Dodging
  5472 | D:8      | Noticed a boulder beetle
  5495 | D:7      | Killed a hornet
  5548 | D:7      | Reached skill level 10 in Stealth
  5549 | D:7      | Killed a boulder beetle
  5550 | D:7      | Reached XP level 10. HP: 30/53 MP: 11/11
  5597 | D:8      | Killed Maggie
  6069 | D:8      | Found a large runed translucent door.
  6069 | D:8      | Found a large runed translucent door.
  6071 | D:8      | Noticed DeathPants's ghost (novice VSNe)
  6127 | D:9      | Found Qytyx's Armour Shop.
  6130 | D:9      | Bought a +0 pair of gloves for 45 gold pieces
  6797 | D:10     | Entered Level 10 of the Dungeon
  7146 | D:9      | Noticed Pikel
  7180 | D:9      | Killed Pikel
  7181 | D:9      | Reached XP level 11. HP: 51/58 MP: 12/12
  7357 | D:9      | Found a broken altar of Ashenzari.
  7403 | D:9      | Found a shadowy altar of Dithmenos.
  7825 | D:11     | Found a gate leading to a gauntlet.
  7835 | Gauntlet | Entered a Gauntlet
  7835 | Gauntlet | Found a transporter.
  7835 | Gauntlet | Found a transporter.
  7839 | Gauntlet | Found a transporter.
  7839 | Gauntlet | Found a transporter.
  7841 | Gauntlet | Found a large runed translucent door.
  7842 | Gauntlet | Found a large runed translucent door.
  7844 | Gauntlet | Found a large runed translucent door.
  7844 | Gauntlet | Found a large runed translucent door.
  7844 | Gauntlet | Found a runed translucent door.
  7844 | Gauntlet | Noticed a fire crab
  7845 | Gauntlet | Found a large runed translucent door.
  7847 | Gauntlet | Found a large runed translucent door.
  7848 | Gauntlet | Found a large runed translucent door.
  7848 | Gauntlet | Found a large runed translucent door.
  7850 | Gauntlet | Found a runed translucent gate.
  7856 | Gauntlet | Found a runed translucent gate.
  7856 | Gauntlet | Found a transporter.
  7857 | Gauntlet | Found a runed translucent gate.
  7857 | Gauntlet | Found a runed translucent door.
  7888 | Gauntlet | Found a transporter.
  7916 | Gauntlet | Reached skill level 10 in Short Blades
  8021 | Gauntlet | Found a transporter.
  8025 | Gauntlet | Found a large runed translucent door.
  8025 | Gauntlet | Noticed a tengu warrior
  8026 | Gauntlet | Found a large runed translucent door.
  8027 | Gauntlet | Found a large runed translucent door.
  8027 | Gauntlet | Found a large runed translucent door.
  8028 | Gauntlet | Found a large runed translucent door.
  8029 | Gauntlet | Found a large runed translucent door.
  8030 | Gauntlet | Found a large runed translucent door.
  8030 | Gauntlet | Found a large runed translucent door.
  8062 | Gauntlet | Noticed a worldbinder
  8118 | Gauntlet | Killed a worldbinder
  8125 | Gauntlet | Identified the +5 shadow dragon scales of Mental Paralysis
                  | {rF+ rC- Str+2 Stlth++++}
  8143 | Gauntlet | Found a transporter.
  8150 | Gauntlet | Found a transporter.
  8196 | Gauntlet | Found a transporter.
  8249 | Gauntlet | Found a transporter.
  8257 | Gauntlet | Noticed a sun demon
  8294 | Gauntlet | Noticed a minotaur
  8317 | Gauntlet | Killed a minotaur
  8438 | D:10     | Identified the +9 sling of Light {flame, Str+3}
  8522 | D:10     | Noticed Joseph
  8536 | D:11     | Noticed a cyclops
  8547 | D:11     | Killed a cyclops
  8595 | D:11     | Found a staircase to the Lair.
  8699 | D:10     | Killed Joseph
  8829 | D:10     | Found a hide-covered altar of Uskayaw.
  8862 | D:10     | Found a radiant altar of Vehumet.
  8903 | D:10     | Reached skill level 1 in Spellcasting
  9006 | D:10     | Noticed a cyclops
  9022 | D:10     | Killed a cyclops
  9240 | D:11     | Noticed a two-headed ogre
  9253 | D:11     | Killed a two-headed ogre
  9254 | D:11     | Reached XP level 12. HP: 65/65 MP: 16/18
  9376 | D:6      | Bought the Directory of Iniquitous Liturgies for 624 gold
                  | pieces
  9381 | D:6      | Learned a level 4 spell: Dispel Undead
  9387 | D:6      | Learned a level 5 spell: Borgnjor's Vile Clutch
  9391 | D:6      | Learned a level 3 spell: Vampiric Draining
  9579 | D:11     | Found a runed translucent door.
  9582 | D:11     | Noticed math4jedi's ghost (journeyman MiBe)
  9584 | D:11     | Identified the +5 spear of Oxkozil {drain, Will+ Int+3}
  9644 | D:11     | Noticed Fannar
  9682 | D:11     | Killed Fannar
  9683 | D:11     | Reached skill level 1 in Necromancy
  9683 | D:11     | Reached skill level 1 in Earth Magic
  9851 | D:11     | Reached skill level 2 in Necromancy
 10004 | D:11     | Found a staircase to the Orcish Mines.
 10086 | D:11     | Reached skill level 5 in Spellcasting
 10431 | D:12     | Noticed a boulder beetle
 10452 | D:11     | Reached skill level 3 in Necromancy
 10506 | D:11     | Killed a boulder beetle
 10744 | D:12     | Reached skill level 4 in Necromancy
 10955 | D:13     | Noticed a centaur warrior
 11354 | D:12     | Noticed a two-headed ogre
 11357 | D:12     | Killed a two-headed ogre
 11389 | D:13     | Noticed a centaur warrior
 11423 | D:13     | Killed a centaur warrior
 11424 | D:13     | Reached skill level 5 in Necromancy
 11424 | D:13     | Reached skill level 5 in Earth Magic
 11646 | Lair:1   | Entered Level 1 of the Lair of Beasts
 11785 | Lair:1   | Reached XP level 13. HP: 69/70 MP: 21/21
 11805 | Lair:1   | Reached skill level 6 in Necromancy
 11997 | Lair:1   | Reached skill level 7 in Necromancy
 12087 | Lair:1   | Found a runed translucent gate.
 12167 | Lair:1   | Found a runed translucent gate.
 12167 | Lair:1   | Found a runed translucent gate.
 12196 | Lair:1   | Noticed a minotaur
 12202 | Lair:1   | Noticed Hubris850's ghost (journeyman HOFi)
 12366 | Lair:2   | Noticed Gastronok
 12367 | Lair:2   | Reached skill level 10 in Fighting
 12401 | Lair:2   | Killed Gastronok
 12438 | Lair:2   | Reached skill level 8 in Necromancy
 13013 | Lair:2   | Found a staircase to the Swamp.
 13079 | Lair:2   | Found a staircase to the Snake Pit.
 13113 | Lair:2   | Reached skill level 9 in Necromancy
 13601 | Lair:2   | Reached skill level 10 in Necromancy
 13973 | Lair:3   | Reached XP level 14. HP: 54/77 MP: 16/22
 14084 | Lair:3   | Found a transporter.
 14114 | Lair:3   | Found a transporter.
 14401 | Lair:3   | Found a runed translucent gate.
 14402 | Lair:3   | Found a runed translucent gate.
 14403 | Lair:3   | Found a runed translucent gate.
 14501 | Lair:3   | Noticed Kooropp's ghost (journeyman MiHu)
 14523 | Lair:3   | Reached skill level 11 in Necromancy
 14529 | Lair:3   | Killed Kooropp's ghost
 14548 | Lair:3   | Got the ring of False Pretenses {Fire rN+ SInv}
 15083 | Lair:5   | Entered Level 5 of the Lair of Beasts
 15465 | Lair:4   | Reached skill level 12 in Necromancy
 16232 | Lair:5   | Reached skill level 13 in Necromancy
 16428 | Lair:5   | Found the ring of the Octopus King
 16446 | Lair:5   | Identified a ring of the Octopus King {rC+ HP+2 AC+2 EV+2
                  | SH+2}
 16688 | Lair:5   | Reached skill level 14 in Necromancy
 16760 | Lair:5   | Reached XP level 15. HP: 80/80 MP: 23/23
 17410 | Lair:5   | Reached skill level 15 in Necromancy
 17532 | Lair:5   | Found a staircase to the Slime Pits.
 17533 | Lair:5   | Found a viscous altar of Jiyva.
 18167 | D:13     | Found a gate to the Vaults.
 18584 | D:13     | Learned a level 6 spell: Death Channel
 18720 | D:15     | Entered Level 15 of the Dungeon
 18765 | D:14     | Found Kaxuphucs's Magic Scroll Shoppe.
 18790 | D:14     | Bought a scroll of fear for 68 gold pieces
 18790 | D:14     | Bought a scroll of brand weapon for 161 gold pieces
 18790 | D:14     | Bought a scroll of enchant armour for 127 gold pieces
 18790 | D:14     | Bought a scroll of identify for 34 gold pieces
 18790 | D:14     | Bought a scroll of identify for 34 gold pieces
 18790 | D:14     | Bought a scroll of teleportation for 51 gold pieces
 19028 | D:14     | Found a white marble altar of Elyvilon.
 19366 | D:14     | Noticed Josephine
 19379 | D:14     | Killed Josephine
 19380 | D:14     | Reached skill level 16 in Necromancy
 19729 | D:15     | Noticed Azrael
 19791 | D:15     | Found a staircase to the Depths.
 19807 | D:15     | Killed Azrael
 20014 | D:15     | Found Ejogoafy's Elemental Accessories.
 20114 | D:15     | Reached skill level 1 in Shields
 20144 | D:15     | Reached XP level 16. HP: 83/85 MP: 20/29
 20521 | Orc:1    | Entered Level 1 of the Orcish Mines
 20522 | Orc:1    | Upgraded the game from 0.30-a0-937-ga0a21ad780 to
                  | 0.30-a0-939-gc8157cb160
 20602 | Orc:1    | Found Vuekh's Antique Armour Emporium.
 20702 | Orc:2    | Entered Level 2 of the Orcish Mines
 20808 | Orc:1    | Noticed Sonja
 20816 | Orc:1    | Killed Sonja
 21225 | Orc:2    | Reached skill level 1 in Long Blades
 21365 | Orc:2    | Found Qileopla's Assorted Antiques.
 21595 | Orc:2    | Found a staircase to the Elven Halls.
 22074 | Orc:2    | Found Ezoumn's Antique Armour Shoppe.
 22309 | Orc:2    | Found Tastemoi's Magic Scroll Shop.
 22316 | Orc:2    | HP: 2/86 [orc/+4 hand axe (7)]
 22574 | Orc:2    | Found Suaj Fuf's Armour Shoppe.
 22655 | Orc:2    | Bought a scroll of teleportation for 48 gold pieces
 22655 | Orc:2    | Bought a scroll of enchant armour for 120 gold pieces
 22655 | Orc:2    | Bought a scroll of fear for 64 gold pieces
 22655 | Orc:2    | Bought a scroll of magic mapping for 120 gold pieces
 22664 | Orc:2    | Bought a +1 pair of boots for 172 gold pieces
 22809 | Swamp:1  | Entered Level 1 of the Swamp
 22819 | Swamp:1  | Killed from afar by a will-o-the-wisp

Illustrated notes

Levels and vault maps discovered:
D:1:      wander_arrival_desolate, layout_basic,
          dreamdust_ecumenical_altar_statues
D:2:      layout_loops_ring, serial_undead, serial_undead_f, serial_undead_b,
          serial_undead_b, serial_undead_a, serial_undead_e,
          kennysheep_generic_room_7
D:3:      layout_rooms, mainiacjoe_overflow_alcove_1
D:4:      layout_gridville, grunt_temple_overflow_opulence,
          ebering_ghost_inner_flame
D:5:      layout_cave_pools, minmay_temple_entry_large_hall,
          chequers_serial_rivers_marsh, uniq_blork_the_orc
D:6:      layout_gridville, nicolae_overflow_squiral, kennysheep_windowed_goal
D:7:      layout_basic, hangedman_decor_diamond_cutter
D:8:      layout_basic, ebering_ghost_disaster_area, uniq_maggie
D:9:      layout_stronghold, lemuel_doored_altar, kennysheep_mini,
          enter_bailey_3, nicolae_stop_n_shop_1, uniq_pikel
D:10:     layout_stronghold, eat_drink_and_be_merry_uskayaw,
          mainiacjoe_overflow_tiny_flanked, uniq_joseph
D:11:     layout_loops_ring, due_lair_maze_entry_diamond, david_orc_5,
          gauntlet_entry_generic, ebering_ghost_funeral_grove, uniq_fannar
D:12:     layout_basic, hangedman_decor_peaks_small, grunt_ogre_cave
D:13:     layout_cave_pools, erik_vaults_1, hangedman_abyss_or_decor_stabs
D:14:     minmay_recursive_quarters, layout_gridville, serial_shops,
          nicolae_shop_stone, elyvilon_altar_5, uniq_josephine
D:15:     gammafunk_depths_entry_grave, layout_rooms,
          chequers_serial_rivers_marsh, nicolae_elemental_shop,
          hangedman_decor_push, uniq_azrael
Lair:1:   layout_misc_corridors, maelrawn_ghost_gauntlet_escape,
          serial_bayou_shore_a, grunt_megastairs_2
Lair:2:   layout_loops_ring, minmay_swamp_entry_worms,
          minmay_snake_entry_six_corridors, uniq_gastronok
Lair:3:   gammafunk_cloud_chamber, layout_chaotic_city, gammafunk_ghost_icy,
          serial_bayou, serial_bayou_shore_b, serial_bayou_shore_b,
          serial_bayou_pond_a, serial_bayou_crossing
Lair:4:   layout_cellular_growth, grunt_megastairs_4
Lair:5:   gammafunk_lair_ancient_temple, layout_layer_cave, slime_entry_1,
          nicolae_volcano_entry_batcave, st_stairs_6, minivault_24,
          grunt_forest_small_clearing_treed
Swamp:1:  layout_basic_swamp, evilmike_swamp_ruin_house_4,
          infiniplex_staircase_pool
Orc:1:    layout_caves, serial_shops, nicolae_square_shop, uniq_sonja
Orc:2:    st_orc_town, layout_caves

Skill      XL: |  1  2  3  4  5  6  7  8  9 10 11 12 13 14 15 16 |
---------------+-------------------------------------------------+-----
Short Blades   | 2 3 4 5 6 8 9 10 | 10.8
Fighting       | 3 4 5 6 7 8 9 10 | 10.6
Dodging        | 2 3 4 5 6 7 |  7.1
Stealth        | 7 8 10 11 12 | 12.3
Spellcasting   | 3 5 8 |  8.6
Necromancy     | 5 10 14 16 | 16.4
Earth Magic    | 5 8 9 |  9.2
Shields        | 1 4 |  4.2
Long Blades    | 2 |  2.9

Action                     |  1- 3 |  4- 6 |  7- 9 | 10-12 | 13-15 | 16-18 || total
---------------------------+-------+-------+-------+-------+-------+-------++-------
  Melee: Rapier            |    50 |    67 |       |    22 |    29 |    23 ||   191
         Bite              |     9 |    18 |   107 |   521 |   901 |   155 ||  1711
         Short sword       |       |    31 |   298 |   528 |       |       ||   857
         Punch             |       |     1 |     5 |    19 |    39 |     5 ||    69
         Quick blade       |       |       |       |   561 |  1861 |   179 ||  2601
         Scimitar          |       |       |       |       |       |   140 ||   140
  Throw: Dart              |       |       |     3 |     1 |       |       ||     4
         Throwing net      |       |       |       |       |       |     1 ||     1
   Cast: Dispel Undead     |       |       |       |       |     8 |       ||     8
         Borgnjor's Vile C |       |       |       |       |     3 |     3 ||     6
         Death Channel     |       |       |       |       |     2 |     4 ||     6
  Evoke: Wand              |       |     2 |     3 |       |       |    12 ||    17
    Use: Scroll            |       |    13 |     1 |     9 |     8 |     4 ||    35
         Potion            |       |     2 |     1 |     1 |     3 |       ||     7
   Stab: Sleeping          |     9 |    14 |    10 |    16 |    33 |     2 ||    84
         Distracted        |       |     2 |     3 |       |     7 |     3 ||    15
         Invisible         |       |     1 |       |       |     3 |       ||     4
 Armour: Ring mail         |    18 |    29 |   104 |   152 |   371 |    58 ||   732
         Shadow dragon sca |       |       |       |     7 |       |       ||     7
         Steam dragon scal |       |       |       |     2 |       |       ||     2
  Dodge: Dodged            |    15 |    38 |   129 |   387 |   948 |   208 ||  1725

Table legend: (Time is in decaauts)
 A = Elapsed time spent in this place.
 B = Non-inter-level travel time spent in this place.
 C = Inter-level travel time spent in this place.
 D = Time resting spent in this place.
 E = Time spent auto-exploring this place.
 F = Levels seen in this place.
 G = Mean time per level.
                   A        B        C        D        E       F      G
               +--------+--------+--------+--------+--------+-----+--------+
         Total |  20507 |  19501 |   1006 |    717 |  12414 |  24 |  854.5 |
       Dungeon |  12561 |  11876 |    685 |    591 |   7645 |  15 |  837.4 |
          Lair |   5372 |   5138 |    234 |    100 |   3290 |   5 | 1074.4 |
         Swamp |     10 |     10 |      0 |      0 |      0 |   1 |   10.0 |
  Orcish Mines |   2088 |   2002 |     86 |      0 |   1301 |   2 | 1044.0 |
      Gauntlet |    475 |    475 |      0 |     26 |    178 |   1 |  475.0 |
               +--------+--------+--------+--------+--------+-----+--------+

Top non-repeatable levels by time:
   Orc:2: 1553 daAuts
  Lair:5: 1480 daAuts
    D:11: 1323 daAuts
  Lair:2: 1201 daAuts
     D:7: 1109 daAuts
     D:9: 1061 daAuts
  Lair:3: 1033 daAuts
     D:2: 1020 daAuts
     D:4: 1009 daAuts
  Lair:4: 946 daAuts
    D:14: 939 daAuts
     D:1: 914 daAuts
    D:12: 800 daAuts
    D:10: 771 daAuts
  Lair:1: 712 daAuts
